 Dungeon Crawl Stone Soup version 0.28.0-53-g5a82cb258f (webtiles) character file.

Game seed: 18264158926406923878

740 SanguineChosen the Cudgeller (level 7, 0/66 HPs)
             Began as a Gargoyle Fighter on July 16, 2022.
             Slain by Duvessa
             ... wielding a +0 short sword
              (13 damage)
             ... on level 3 of the Dungeon.
             The game lasted 00:15:28 (3240 turns).

SanguineChosen the Cudgeller (Gargoyle Fighter)     Turns: 3240, Time: 00:15:28

Health: 0/66       AC: 23    Str: 22    XL:     7   Next: 75%
Magic:  7/7        EV:  2    Int:  8    God:
Gold:   218        SH:  4    Dex:  9    Spells: 6/6 levels left

rFire   + . .      SeeInvis .   d - +2 spear (flame)
rCold   . . .      Faith    .   c - +0 buckler
rNeg    + . .      Spirit   .   (armour currently unavailable)
rPois   ∞          Reflect  .   (helmet currently unavailable)
rElec   .          Harm     .   (cloak currently unavailable)
rCorr   .          Rampage  .   (gloves currently unavailable)
Will    .....      NoTele   +   (boots currently unavailable)
Stlth   +.........              h - amulet of regeneration
HPRegen 1.01/turn               q - ring of protection from fire
MPRegen 0.10/turn               k - +4 ring of evasion

@: tree-form
A: stationary, stasis, torment immunity, boosted hp, sickness immunity, AC +4,
negative energy resistance 1, (electricity resistance), torment resistance 1,
petrification resistance
a: no special abilities


You were on level 3 of the Dungeon.
You were a tree.
You visited 1 branch of the dungeon, and saw 4 of its levels.

You collected 218 gold pieces.

Inventory:

Hand Weapons
 a - a +0 flail
 d - a +2 spear of flaming (weapon)
Armour
 b - a +0 scale mail (melded)
 c - a +0 buckler (worn)
 e - a +0 helmet (melded)
Jewellery
 h - an amulet of regeneration (around neck)
 k - a +4 ring of evasion (right branch)
 l - an amulet of the acrobat
 q - a ring of protection from fire (left branch)
Scrolls
 g - a scroll of magic mapping
 i - 2 scrolls of teleportation
 m - a scroll of vulnerability {unknown}
 o - a scroll of fog {unknown}
 s - a scroll of fear {unknown}
Potions
 f - a potion of degeneration {unknown}
 p - a potion of cancellation
 r - a potion of berserk rage


   Skills:
 + Level 4.6 Fighting
 + Level 5.7 Maces & Flails
 + Level 0.3 Polearms
 + Level 5.3 Armour
 + Level 1.9 Dodging
 + Level 0.2 Stealth
 + Level 4.4 Shields


You had 6 spell levels left.
You didn't know any spells.
Your spell library contained the following spells:

 Spells                   Type           Power      Damage    Failure   Level
 Foxfire                  Conj/Fire      0%         2x1d4     50%         1
 Conjure Flame            Conj/Fire      0%         6-21      86%         3
 Inner Flame              Hex/Fire       0%         N/A       86%         3
 Tukima's Dance           Hex            0%         N/A       86%         3
 Flame Wave               Conj/Fire      0%         2d4       99%         4
 Passage of Golubria      Tloc           0%         N/A       99%         4
 Yara's Violent Unravell  Hex/Tmut       0%         3d3       100%        5


Dungeon Overview and Level Annotations

Branches:
Dungeon (4/15)
 Temple: D:4-7

Altars:
Sif Muna

Shops:
D:1 (

Annotations:
D:3 Duvessa


Innate Abilities, Weirdness & Mutations

You are a tree.
Your roots penetrate the ground, keeping you stationary.
You cannot be teleported.
You are immune to unholy pain and torment.
Your maximum health is greatly increased.
Your equipment is partially melded.
You are immune to sickness and miasma.
((Your stone body is resilient. (AC +4)))
You are immune to poison.
You resist negative energy. (rN+)
((You are resistant to electric shocks. (rElec)))
You are resistant to unholy torment.
You are immune to petrification.


Message History

You closely miss Dowan.
Dowan is moderately wounded.
Duvessa hits you with a +0 short sword. Dowan barely misses you.
You puncture Dowan! You burn Dowan.
Dowan is severely wounded.
Duvessa misses you. Dowan completely misses you.
You hit Dowan. You burn Dowan.
Dowan is almost dead.
Duvessa hits you with a +0 short sword. Dowan hits you but does no damage.
You hit Dowan but do no damage.
Dowan is almost dead.
Duvessa hits you with a +0 short sword. Dowan closely misses you.
You hit Dowan. You burn Dowan.
You kill Dowan!
Duvessa screams in rage.
Duvessa goes berserk!
Duvessa hits you with a +0 short sword! Duvessa hits you with a +0 short sword.
Duvessa misses you. Duvessa hits you but does no damage.
Items here: )))) [ ††.
You hit Duvessa. You burn Duvessa.
Duvessa is heavily wounded.
You block Duvessa's attack.
You barely miss Duvessa.
Duvessa is heavily wounded.
Duvessa hits you with a +0 short sword! x2
* * * LOW HITPOINT WARNING * * *
You hit Duvessa but do no damage.
Duvessa is heavily wounded.
Duvessa hits you with a +0 short sword.
* * * LOW HITPOINT WARNING * * *
Duvessa barely misses you.
Really quaff the potion of lignification?
Uppercase [Y]es or [N]o only, please.
Really quaff the potion of lignification? [Y]es or [N]o only, please.
Really quaff the potion of lignification?
You turn into a tree.
Your +0 helmet melds into your body.
Your +0 scale mail melds into your body.
Your roots penetrate the ground.
Duvessa hits you with a +0 short sword!
You die...

..........##...##.#
##........##...##.#
#.........##...#♣.♣
#......#######.##.#
#......#
######.######
#......#
#...#♣.♣#..?#
#......###
#.####.####.#
#.....†..# #.##)>e#
#.#
#####....###.###♣)#
#.#
#........###.#####.#
#........'.........#
#........###########
####.....# #.....#
#######


You could see Duvessa (berserk).

Vanquished Creatures
  A gnoll sergeant (D:3)
  Dowan (D:3)
  2 howler monkeys (D:3)
  2 hounds (D:3)
  Terence (D:2)
  Natasha (thrice) (D:2)
  An orc wizard (D:3)
  Robin (D:3)
  19 gnolls (D:3)
  3 adders (D:2)
  2 worms
  22 orcs
  7 endoplasms
  3 giant cockroaches
  13 goblins
  7 hobgoblins
  10 jackals (D:3)
  9 kobolds
  4 quokkas
  9 ball pythons
  A ball python zombie (D:3)
  10 bats
  3 frilled lizards
  4 rats
138 creatures vanquished.

Vanquished Creatures (others)
  4 plants (D:3)
4 creatures vanquished.

Grand Total: 142 creatures vanquished

Notes
Turn   | Place    | Note
-------+----------+-------------------------------------------
     0 | D:1      | SanguineChosen the Gargoyle Fighter began the quest for the
                  | Orb.
     0 | D:1      | Reached XP level 1. HP: 14/14 MP: 1/1
   159 | D:1      | Reached XP level 2. HP: 19/19 MP: 2/2
   668 | D:1      | Reached XP level 3. HP: 19/23 MP: 3/3
   775 | D:1      | Found Baets's Antique Weapon Shoppe.
   999 | D:2      | Noticed Terence
  1002 | D:2      | Noticed Natasha
  1016 | D:2      | Killed Natasha
  1017 | D:2      | Reached XP level 4. HP: 8/29 MP: 4/4
  1041 | D:2      | Noticed Natasha
  1056 | D:2      | Killed Natasha
  1088 | D:2      | Noticed Natasha
  1096 | D:2      | Killed Natasha
  1255 | D:2      | Killed Terence
  1256 | D:2      | Reached XP level 5. HP: 20/33 MP: 5/5
  1590 | D:2      | Found a shimmering blue altar of Sif Muna.
  1740 | D:2      | Found a faded altar of an unknown god.
  2209 | D:3      | Reached XP level 6. HP: 30/38 MP: 6/6
  2268 | D:3      | Reached skill level 1 in Dodging
  2507 | D:3      | Reached skill level 5 in Maces & Flails
  2557 | D:3      | Reached XP level 7. HP: 35/43 MP: 7/7
  2559 | D:3      | Reached skill level 5 in Armour
  3101 | D:4      | Noticed Robin
  3104 | D:4      | Noticed Dowan
  3178 | D:4      | Noticed Duvessa
  3188 | D:3      | Killed Robin
  3235 | D:3      | Killed Dowan
  3240 | D:3      | Slain by Duvessa

Illustrated notes

Levels and vault maps discovered:
D:1:      dpeg_arrival_houses_and_road, layout_rooms, serial_shops,
          nicolae_shop_hallway_plus, grunt_decor_mini_mirrors, minivault_11,
          chequers_avenue, nicolae_concentric_dashed_squares_mild,
          kennysheep_another_room
D:2:      minmay_razor_zed, layout_rooms, ebering_ecumenical_altar_webs,
          basic_altar, uniq_terence, uniq_natasha
D:3:      lemuel_castle_with_subvaults [lemuel_castle_interior_original],
          layout_basic, grunt_ministairs_3, amcnicky_mini_corridor_feature
D:4:      layout_loops_cross, minmay_temple_entry_wispy, uniq_menkaure,
          uniq_robin, uniq_blork_the_orc, uniq_duvessa, uniq_pikel

Skill      XL: |  1  2  3  4  5  6  7 |
---------------+----------------------+-----
Armour         | 4 5 |  5.3
Maces & Flails | 3 4 5 |  5.7
Fighting       | 4 |  4.6
Dodging        | 1 |  1.9
Shields        | 4 |  4.4
Polearms       | |  0.3
Stealth        | |  0.2

Action                   |  1- 3 |  4- 6 |  7- 9 || total
-------------------------+-------+-------+-------++-------
Melee: Flail             |   102 |   281 |   112 ||   495
       Spear             |       |       |    37 ||    37
  Use: Scroll            |     1 |     1 |     4 ||     6
       Potion            |       |     4 |     2 ||     6
Armor: Scale mail        |    55 |   232 |    83 ||   370
Dodge: Dodged            |    55 |   199 |   190 ||   444
Block: Buckler           |    12 |    96 |    76 ||   184
